 Dungeon Crawl Stone Soup version 0.29-a0-271-gd4eb659eea (webtiles) character file.

Game seed: 16019925667623412741

683 shoop the Changer (level 7, 30/30 HPs)
             Began as a Felid Transmuter on Mar 8, 2022.
             Was a Follower of Elyvilon.
             Quit the game on level 7 of the Dungeon.
             The game lasted 00:27:36 (10905 turns).

shoop the Changer (Felid Transmuter)               Turns: 10905, Time: 00:27:37

Health: 30/30      AC: 10    Str:  8    XL:     7   Next: 35%
Magic:  15/15      EV: 17    Int: 15    God:    Elyvilon [*.....]
Gold:   413        SH:  0    Dex: 16    Spells: 10/15 levels left
                                        Lives:  0   Deaths: 2

rFire   . . .      SeeInvis +     - Unarmed
rCold   . . .      Faith    .   (shield unavailable)
rNeg    . . .      Spirit   .   (body armour unavailable)
rPois   .          Reflect  .   (helmet unavailable)
rElec   .          Harm     .   (cloak unavailable)
rCorr   .          Rampage  .   (gloves unavailable)
Will    +....                   (boots unavailable)
Stlth   +++.......              (no amulet)
HPRegen 0.10/turn               i - +4 ring of protection
MPRegen 0.14/turn               q - +4 ring of protection

@: quick
A: very small, claws 1, fangs 3, see invisible, speed 1, shaggy fur 2, stealthy
paws, no weapons or thrown items, no armour, multi-lived
a: Renounce Religion, Purification


You were on level 7 of the Dungeon.
You worshipped Elyvilon.
Elyvilon was aware of your devotion.
You visited 2 branches of the dungeon, and saw 8 of its levels.

You collected 413 gold pieces.

Inventory:

Jewellery
 i - a +4 ring of protection (left paw)
 o - a ring of magical power
 q - a +4 ring of protection (right paw)
Wands
 u - a wand of iceblast (8)
Scrolls
 a - 2 scrolls of fear {unknown}
 b - a scroll of immolation {unknown}
 c - a scroll of vulnerability {unknown}
 g - 3 scrolls of amnesia {unknown}
 h - 2 scrolls of summoning {unknown}
 j - 2 scrolls of identify {unknown}
 k - a scroll of fog {unknown}
 l - 2 scrolls of teleportation {unknown}
 s - a scroll of magic mapping {unknown}
Potions
 d - 2 potions of resistance
 e - a potion of attraction {unknown}
 f - 2 potions of curing {unknown}
 m - 3 potions of cancellation
 n - a potion of lignification
 p - a potion of heal wounds {unknown}
 r - 2 potions of degeneration {unknown}
 t - a potion of haste {unknown}
 v - 2 potions of might


   Skills:
 - Level 2.1 Fighting
 - Level 3.0 Dodging
 - Level 4.1 Stealth
 - Level 3.6 Unarmed Combat
 + Level 4.8 Spellcasting
 * Level 7.9 Transmutations
 - Level 6.0 Ice Magic
 + Level 2.4 Evocations


You had 10 spell levels left.
You knew the following spells:

 Your Spells              Type           Power      Damage    Failure   Level
a - Ice Form              Ice/Tmut       24%        N/A       10%         4
b - Beastly Appendage     Tmut           54%        N/A       1%          1

Your spell library contained the following spells:

 Spells                   Type           Power      Damage    Failure   Level
 Wereblood                Tmut           27%        N/A       1%          2
 Spider Form              Tmut/Pois      15%        N/A       10%         3
 Animate Skeleton         Necr           6%         N/A       17%         1
 Apportation              Tloc           6%         N/A       17%         1
 Summon Small Mammal      Summ           12%        N/A       17%         1
 Tukima's Dance           Hex            3%         N/A       45%         3
 Anguish                  Hex/Necr       1%         N/A       86%         4
 Animate Dead             Necr           1%         N/A       86%         4
 Borgnjor's Vile Clutch   Necr/Erth      1%         N/A       99%         5
 Death Channel            Necr           1%         N/A       100%        6
 Enfeeble                 Hex            1%         N/A       100%        7


Dungeon Overview and Level Annotations

Branches:
Dungeon (7/15)             Temple (1/1) D:6

Altars:
Ashenzari
Dithmenos
Elyvilon
Fedhas
Hepliaklqana
Kikubaaqudgha
Nemelex Xobeh
Qazlal
Ru
Sif Muna
Vehumet
Wu Jian
Xom
Yredelemnul
Zin
The Shining One
Beogh

Annotations:
D:3 Sigmund
D:4 exclusion: door
D:5 3 runed translucent doors, sirJeffrey23's ghost, novice HOFi
D:6 1 runed translucent door, exclusions: electric eel and ice beast, Crazy Yiuf; Edmund; Eustachio; Menkaure


Innate Abilities, Weirdness & Mutations

You have sharp claws.
You have razor-sharp teeth.
You have supernaturally acute eyesight. (SInv)
You cover ground quickly. (Speed+)
You are covered in thick fur. (AC +2)
Your paws help you pounce on unaware monsters.
You are incapable of wielding weapons or throwing items.
You cannot wear armour.
You gain extra lives every three experience levels.


Message History

Your transformation is almost over.
You warm up again.
A steam dragon is nearby!
Casting: Ice Form (quite dangerous; 10% risk of failure)
Confirm with . or Enter, or press ? or * to list all spells.
The spell is quite dangerous to miscast (10% risk of failure)!
Continue anyway?
You miscast Ice Form.
You are very lightly contaminated with residual magic.
Nothing appears to happen.
The steam dragon breathes steam at you. The ball of steam hits you!
The steam dragon closely misses you. The steam dragon misses you.
Casting: Ice Form (quite dangerous; 10% risk of failure)
Confirm with . or Enter, or press ? or * to list all spells.
The spell is quite dangerous to miscast (10% risk of failure)!
Continue anyway?
You turn into a creature of crystalline ice.
The steam dragon barely misses you.
The steam dragon claws you but does no damage.
You hit the steam dragon. You freeze the steam dragon.
The steam dragon is lightly wounded.
The steam dragon breathes steam at you. The ball of steam hits you!
The steam scalds you terribly!
* * * LOW HITPOINT WARNING * * *
The steam dragon barely misses you. x2
You completely miss the steam dragon.
The steam dragon is lightly wounded.
The steam dragon closely misses you.
The steam dragon claws you but does no damage.
Okay, then.
You hit the steam dragon but do no damage.
The steam dragon is lightly wounded.
The steam dragon breathes steam at you. The ball of steam hits you!!
The steam scalds you terribly!
Ouch! That really hurt!
You die...
Your shape twists and changes as you die.
You are now level 7!
You warm up again.
You rejoin the land of the living...
Are you sure you want to abandon this character and quit the game? (Confirm with "yes".)

#######
#############.....#
#.....@....##.....#####
#......................
#.##.##.##.#.......###.
#.##....##z#...)...###.
#.##.##.##z#.##.....##.
#.....<.##[#.###.#..##.
#..........#...........
####.#########)####..##
#.......######.####..#


There were no monsters in sight!

Vanquished Creatures
  Grinder (D:3)
  A black bear (D:5)
  3 sky beasts
  An ice beast (D:5)
  A bullfrog (D:7)
  A necrophage (D:6)
  6 scorpions
  A water moccasin zombie (D:4)
  5 wights (D:7)
  3 killer bees (D:7)
  A howler monkey (D:4)
  A crimson imp (D:5)
  An orc priest (D:5)
  A gnoll shaman (D:3)
  2 hounds
  2 iguanas
  2 orc wizards (D:6)
  Natasha (D:2)
  A hound zombie (D:4)
  Robin (D:1)
  A howler monkey zombie (D:4)
  5 gnolls (D:3)
  7 adders
  A shadow imp (D:6)
  3 worms
  3 dart slugs
  16 orcs
  6 ball pythons
  7 bats
  3 endoplasms
  2 giant cockroaches
  15 goblins
  7 hobgoblins
  A jackal (D:4)
  4 kobolds
  3 quokkas
  2 frilled lizards
  A quokka zombie (D:4)
  5 rats
128 creatures vanquished.

Vanquished Creatures (others)
  12 plants (D:3)
12 creatures vanquished.

Grand Total: 140 creatures vanquished

Notes
Turn   | Place    | Note
-------+----------+-------------------------------------------
     0 | D:1      | shoop the Felid Transmuter began the quest for the Orb.
     0 | D:1      | Reached XP level 1. HP: 9/9 MP: 4/4
    14 | D:1      | Reached skill level 1 in Stealth
   288 | D:1      | Reached XP level 2. HP: 12/12 MP: 6/6
  1449 | D:2      | Noticed Natasha
  1470 | D:2      | Reached XP level 3. HP: 15/15 MP: 5/7
  1939 | D:2      | Noticed Robin
  2347 | D:3      | Reached XP level 4. HP: 5/19 MP: 8/8
  2358 | D:3      | Learned a level 4 spell: Ice Form
  2705 | D:3      | Noticed Sigmund
  3060 | D:1      | Killed Robin
  3061 | D:1      | Reached skill level 1 in Ice Magic
  3433 | D:3      | Reached XP level 5. HP: 21/22 MP: 9/9
  3876 | D:3      | Noticed Grinder
  3897 | D:4      | Found an ancient bone altar of Kikubaaqudgha.
  3969 | D:4      | Reached skill level 3 in Transmutations
  4082 | D:4      | Found a basalt altar of Yredelemnul.
  4365 | D:4      | Found a sacrificial altar of Ru.
  4374 | D:4      | Gained mutation: You are covered in thick fur. (AC +2)
                  | [Felid growth]
  4374 | D:4      | Reached XP level 6. HP: 26/26 MP: 10/10
  4773 | D:4      | Found a glowing golden altar of the Shining One.
  4936 | D:5      | Entered Level 5 of the Dungeon
  4940 | D:5      | Noticed a sky beast
  5356 | D:5      | Found a glowing silver altar of Zin.
  5530 | D:5      | Reached skill level 4 in Transmutations
  6032 | D:6      | Noticed an ice beast
  6043 | D:6      | Found a staircase to the Ecumenical Temple.
  6052 | Temple   | Entered the Ecumenical Temple
  6198 | D:6      | Reached XP level 7. HP: 30/30 MP: 12/12
  6217 | D:6      | Identified the +5 ring mail of Whack-A-Mole {Harm Str-5
                  | Stlth+}
  6581 | D:5      | Found a runed translucent gate.
  6581 | D:5      | Found a runed translucent gate.
  6582 | D:5      | Found a runed translucent gate.
  6582 | D:5      | Identified the +2 short sword of Himeteh {vamp, rElec
                  | rCorr}
  6582 | D:5      | Identified the +2 leather armour of Twilight {rPois rN+
                  | Dex-5}
  6583 | D:5      | Noticed sirJeffrey23's ghost (novice HOFi)
  6888 | D:6      | Reached skill level 5 in Transmutations
  7025 | D:6      | Found a white marble altar of Elyvilon.
  7084 | D:6      | Became a worshipper of Elyvilon the Healer
  7175 | D:6      | Found a shimmering altar of Xom.
  7176 | D:6      | Noticed Edmund
  7220 | D:6      | Noticed Eustachio
  7247 | D:6      | Found a runed translucent door.
  7248 | D:6      | Noticed Crazy Yiuf
  7308 | D:6      | Noticed Menkaure
  7671 | D:2      | Killed Natasha
  7782 | D:3      | Paralysed by Grinder for 4 turns
  7785 | D:3      | HP: 1/36 [Grinder (6)]
  7788 | D:3      | Killed Grinder
  7789 | D:3      | Reached skill level 6 in Transmutations
  7789 | D:3      | Reached XP level 8. HP: 1/33 MP: 11/14
  8304 | D:5      | Reached skill level 5 in Ice Magic
  9633 | D:7      | Reached skill level 7 in Transmutations
  9896 | D:7      | Identified the +4 trident of Bile {vorpal, Will+ rCorr}
  9940 | D:7      | Killed from afar by a steam dragon
  9941 | D:7      | Reached XP level 7. HP: -12/36 MP: 12/14
  9990 | D:7      | Reached skill level 1 in Evocations
 10388 | D:7      | Reached XP level 8. HP: 33/33 MP: 10/15
 10422 | D:7      | Reached * piety under Elyvilon
 10904 | D:7      | Killed from afar by a steam dragon
 10905 | D:7      | Reached XP level 7. HP: -25/33 MP: 9/15
 10905 | D:7      | Quit the game

Illustrated notes

Levels and vault maps discovered:
D:1:      shiori_arrival_oz, layout_loops_ring
D:2:      layout_loops_corners, minmay_box_of_dots, uniq_robin, uniq_natasha
D:3:      layout_rooms, nicolae_grassy_gnolls, uniq_sigmund, uniq_grinder
D:4:      layout_basic, mainiacjoe_overflow_catwalk,
          nicolae_ru_great_annihilating_truth, old_standard_altar,
          nicolae_yredelemnul_corpse_copse
D:5:      layout_basic, zin_treasury, biasface_ghost_orc_armoury,
          minmay_fire_ice_demons
D:6:      layout_loops_cross, elyvilon_altar_1, okawaru_gym_becter,
          doesnt_xom_only_xom, minmay_temple_entry_statues_pillars,
          kennysheep_crisscross, fountainhead, uniq_eustachio, uniq_menkaure,
          uniq_edmund, uniq_crazy_yiuf_cottage
D:7:      layout_loops_cross, gammafunk_temple_overflow_wave, serial_glass,
          glass_columns_b, glass_columns_c, feat_on_display
Temple:   nicolae_temple_figure_zero

Skill      XL: |  1  2  3  4  5  6  7  8 |
---------------+-------------------------+-----
Stealth        | 2 3 4 |  4.1
Dodging        | 3 |  3.0
Fighting       | 2 |  2.1
Ice Magic      | 1 2 3 6 5 |  6.0
Transmutations | 3 4 6 7 |  7.9
Spellcasting   | 3 4 |  4.8
Evocations     | 1 2 |  2.4
Unarmed Combat | |  3.6

Action                   |  1- 3 |  4- 6 |  7- 9 || total
-------------------------+-------+-------+-------++-------
Melee: Unarmed           |    81 |   204 |   197 ||   482
       Bite              |    10 |    19 |     3 ||    32
       Punch             |     3 |     1 |     2 ||     6
       Headbutt          |     4 |    24 |       ||    28
 Cast: Beastly Appendage |    14 |    22 |       ||    36
       Ice Form          |       |     1 |    27 ||    28
  Use: Potion            |     1 |       |     3 ||     4
 Stab: Sleeping          |     5 |     9 |     2 ||    16
       Paralysed         |       |     1 |       ||     1
Armor: Skin              |    22 |    36 |    97 ||   155
Dodge: Dodged            |    61 |   126 |    91 ||   278

Table legend: (Time is in decaauts)
 A = Elapsed time spent in this place.
 B = Non-inter-level travel time spent in this place.
 C = Inter-level travel time spent in this place.
 D = Time resting spent in this place.
 E = Time spent auto-exploring this place.
 F = Levels seen in this place.
 G = Mean time per level.
                   A        B        C        D        E       F      G
               +--------+--------+--------+--------+--------+-----+--------+
         Total |   9796 |   9157 |    639 |   2377 |   4824 |   8 | 1224.5 |
       Dungeon |   9695 |   9064 |    631 |   2377 |   4732 |   7 | 1385.0 |
        Temple |    101 |     93 |      8 |      0 |     92 |   1 |  101.0 |
               +--------+--------+--------+--------+--------+-----+--------+

Top non-repeatable levels by time:
     D:2: 1983 daAuts
     D:6: 1898 daAuts
     D:5: 1867 daAuts
     D:1: 1189 daAuts
     D:4: 1017 daAuts
     D:3: 955 daAuts
     D:7: 783 daAuts
  Temple: 101 daAuts
